Map: Whirlwind LE (Void)

Players

Juxtapose - Winner!

  • Race: Terran Terran
  • Spawn Location: 7:00

A.I. 1 (Hard)

  • Race: Terran Terran
  • Spawn Location: 5:00

VOD

https://youtu.be/CPMZy1TVRBI

Description

This was my third and final qualifying match against the Versus AI, which is apparently on Hard.

Time

  • Played on: Dec. 1, 2016, 8:37 p.m.
  • Length: 12:52
Show
View Real Time Build Order
Export as new Build Order

Juxtapose Terran - Winner!

Build Orders: MMM Bio 

Get SALT Encoding   

  12  0:01  SCV  
  13  0:14  Supply Depot  
  13  0:18  SCV  
  14  0:31  SCV  
  15  0:40  Barracks  
  15  0:43  SCV  
  16  0:52  Supply Depot  
  16  0:55  SCV  
  17  1:06  Refinery  
  17  1:07  SCV  
  18  1:17  Supply Depot  
  18  1:19  SCV  
  19  1:30  Refinery  
  19  1:31  SCV, Marine  
  21  1:42  Supply Depot  
  21  1:43  SCV  
  22  1:49  Marine  
  23  1:55  SCV, Engineering Bay  
  24  2:07  Marine  
  25  2:23  Bunker  
  25  2:24  Marine  
  25  2:29  Barracks  
  25  3:08  Barracks Tech Lab  
  25  3:17  Barracks Reactor  
  25  3:23  Factory  
  25  3:24  Terran Infantry Weapons Level 1  
  25  3:27  Orbital Command  
  25  3:34  Marauder  
  27  3:40  Ghost Academy  
  27  3:47  Supply Depot  
  27  3:49  Combat Shields  
  27  3:55  Marauder  
  29  4:09  Factory Tech Lab  
  29  4:16  Marauder  
  31  4:21  Marine x2  
  33  4:31  Siege Tank  
  33  4:38  Marauder  
  38  4:39  Marine x2  
  40  4:53  Nuke  
  40  4:57  Marine x2  
  40  4:59  Marauder  
  44  5:07  Concussive Shells  
  44  5:18  Terran Infantry Armor Level 1  
  44  5:21  Starport  
  44  5:30  Marine x2  
  44  5:32  Marauder  
  48  5:51  Stimpack  
  48  5:55  Command Center  
  48  6:00  Siege Tank  
  51  6:09  Marine  
  51  6:10  Medivac  
  54  6:17  Supply Depot  
  54  6:32  Personal Cloaking  
  54  6:41  Supply Depot  
  53  7:00  Ghost  
  55  7:09  Medivac  
  57  7:18  SCV  
  57  7:21  Refinery  
  58  7:30  SCV  
  59  7:42  Refinery, SCV  
  60  7:48  Siege Tank  
  63  7:52  Ghost  
  65  8:05  Medivac  
  67  8:10  Marine  
  69  8:12  SCV  
  69  8:24  SCV  
  70  8:31  Building Armor  
  70  8:39  Starport Tech Lab  
  70  8:49  Planetary Fortress  
  70  9:27  Siege Tank  
  73  11:11  Nuke  
  73  11:13  Neosteel Frame  
  73  11:20  Banshee  
  73  11:22  Cloaking Field  
  76  12:03  Banshee  
  78  12:17  Marine  
Show
View Real Time Build Order
Export as new Build Order

A.I. 1 (Hard) Terran 

Build Orders: MMM Bio 

Get SALT Encoding   

  12  0:00  SCV  
  13  0:13  SCV  
  14  0:19  Supply Depot  
  14  0:25  SCV  
  15  0:41  SCV  
  16  0:43  Barracks  
  16  0:48  Refinery  
  16  0:53  SCV  
  17  1:05  SCV  
  18  1:17  SCV  
  19  1:21  Supply Depot  
  19  1:29  Marine, SCV  
  21  1:42  Orbital Command, Barracks  
  21  1:47  Marine  
  21  1:49  Refinery  
  22  2:06  Supply Depot, Barracks Tech Lab  
  22  2:24  Marine  
  23  2:32  Marine  
  24  2:39  Supply Depot  
  24  2:42  Marine  
  25  2:50  Marine  
  26  3:00  Marine  
  27  3:08  Marine  
  28  3:15  SCV  
  28  3:16  Supply Depot  
  28  3:18  Marine  
  30  3:26  Marine  
  31  3:27  SCV, Engineering Bay  
  32  3:36  Marauder  
  32  3:39  SCV  
  35  3:43  Marine  
  36  3:51  SCV  
  37  3:57  Marauder  
  37  4:01  Marine  
  40  4:04  SCV  
  41  4:16  SCV  
  42  4:19  Marauder  
  44  4:40  Marauder  
  46  5:02  Marauder  
  48  6:06  Barracks Tech Lab  
  48  6:07  Terran Infantry Weapons Level 1, Stimpack  
  48  6:09  Factory  
  48  6:12  Factory  
  48  6:14  Supply Depot  
  48  6:15  Command Center, Missile Turret  
  48  6:17  Missile Turret  
  48  6:20  Barracks  
  48  6:23  Combat Shields  
  48  6:37  Supply Depot  
  48  6:39  Bunker  
  48  6:51  Marine  
  48  6:53  Factory Tech Lab  
  34  6:58  Starport  
  34  7:00  Marauder  
  36  7:01  Starport, Factory Tech Lab  
  36  7:08  Marine  
  37  7:17  Marine  
  38  7:25  Marine  
  38  7:27  SCV  
  38  7:29  SCV  
  41  7:30  Refinery  
  41  7:35  Marauder  
  43  7:38  Missile Turret  
  43  7:39  Missile Turret  
  43  7:40  SCV, Refinery, Starport Tech Lab x2  
  43  7:41  SCV  
  43  7:42  Concussive Shells  
  43  7:43  Siege Tank  
  48  7:51  Widow Mine  
  48  7:52  SCV  
  48  7:53  SCV  
  48  7:56  Sensor Tower  
  52  7:59  Raven, Bunker  
  52  8:01  Raven, Terran Infantry Armor Level 1  
  52  8:04  SCV  
  52  8:05  SCV  
  58  8:12  Armory  
  58  8:13  Barracks Reactor  
  58  8:15  Siege Tank  
  58  8:16  SCV  
  58  8:17  SCV  
  58  8:19  Widow Mine  
  65  8:28  SCV  
  65  8:29  SCV  
  67  8:40  SCV  
  68  8:41  SCV  
  69  8:52  SCV  
  69  8:54  SCV  
  71  9:04  SCV  
  72  10:25  Medivac x2, Hellion  
  72  10:26  Supply Depot  
  75  10:29  Engineering Bay  
  75  10:31  Siege Tank  
  61  10:36  Marine  
  61  10:42  Marine  
  54  10:48  Marine  
  52  10:52  SCV  
  52  10:54  Marauder  
  52  10:55  SCV, Raven x2  
  56  11:00  Marauder  
  56  11:01  Marine  
  40  11:04  SCV  
  40  11:07  Marine  
  42  11:16  SCV, Marauder  
  35  11:21  Marine  
  35  11:22  Hellion  
  32  11:28  Marine, SCV  
  34  11:38  Raven, Marine  
  31  11:40  SCV  
  31  11:44  Hellion  
  31  11:50  Siege Tank  
  31  11:53  SCV  
  31  11:54  Marauder  
  33  11:59  Marine  
  27  12:03  Marine  
  27  12:05  SCV  
  18  12:17  SCV  
  18  12:20  Viking  
  21  12:23  Marauder  
  21  12:27  Marine  
  14  12:32  Marine  
  11  12:42  Command Center  
Tags
 
Composition
MMM BioMMM Bio
Matchup
TvT
Race
Terran
Spawn Locations
Close Positions
Add a new tag
Caveats
  • Supply blocks, unpowered buildings, or Contaminate may cause inaccurate times.
  • Supply counts are checked every 10 seconds.